Map: Abiogênese LE

Players

Callampin

  • Race: Terran Terran
  • Spawn Location: 5:00

IagoAbreu - Winner!

  • Race: Terran Terran
  • Spawn Location: 11:00

VOD

Have the link to the VOD?

Description

Time

  • Played on: Feb. 20, 2018, 11:50 a.m.
  • Length: 11:46
Show
View Real Time Build Order
Export as new Build Order

Callampin Terran 

Build Orders:  

Get SALT Encoding   

  12  0:18  SCV  
  13  0:26  Supply Depot  
  13  0:32  SCV  
  14  0:44  SCV  
  14  0:48  Supply Depot  
  15  0:52  Barracks  
  15  0:58  SCV  
  16  1:11  SCV  
  17  1:12  Supply Depot  
  17  1:21  Refinery  
  17  1:23  SCV  
  18  1:35  SCV  
  19  1:42  Engineering Bay  
  19  1:46  Marine  
  20  1:47  SCV  
  21  1:59  SCV  
  22  2:04  Marine  
  23  2:22  Marine  
  24  2:37  SCV  
  24  2:39  Marine  
  26  2:49  SCV  
  27  2:55  Barracks  
  27  2:57  Marine  
  28  2:59  Supply Depot  
  28  3:15  Marine  
  29  3:22  Supply Depot  
  30  3:39  Barracks Tech Lab  
  29  3:45  Barracks Reactor  
  29  3:52  Factory  
  29  3:53  Orbital Command  
  28  4:24  Marine x2  
  29  4:26  Marauder  
  32  4:39  Factory Tech Lab  
  32  4:41  Marine x2  
  34  4:48  Marauder  
  34  4:51  Missile Turret  
  36  4:59  Marine x2  
  38  5:09  Marauder  
  40  5:17  Marine x2  
  42  5:30  Siege Tank, Marauder  
  47  5:40  SCV, Command Center  
  48  5:47  Supply Depot  
  48  5:52  SCV  
  49  6:04  SCV  
  49  6:09  Supply Depot  
  50  6:13  Starport  
  44  7:11  Terran Infantry Armor Level 1  
  44  7:18  Marine  
  44  7:19  Marine  
  43  7:36  Marine x2  
  45  7:54  Marine x2  
  47  8:12  Marine x2  
  49  8:29  Marine  
  49  8:30  Marine  
  51  8:47  Marine  
  51  8:48  Marine  
  52  9:04  Medivac  
  52  9:05  Marine  
  48  9:34  Medivac  
  48  9:35  Marine  
  48  9:36  Marine x2  
  51  9:53  Marine  
  51  9:54  Marine  
  53  10:04  Medivac  
  53  10:11  Marine  
  53  10:12  Marine  
  49  10:29  Marine x2  
Show
View Real Time Build Order
Export as new Build Order

IagoAbreu Terran - Winner!

Build Orders:  

Get SALT Encoding   

  12  0:01  SCV  
  13  0:19  SCV, Supply Depot  
  14  0:29  Supply Depot  
  14  0:38  SCV  
  15  0:46  Barracks  
  15  0:50  SCV  
  16  0:57  Refinery  
  16  1:08  Engineering Bay  
  16  1:13  SCV  
  17  1:25  SCV  
  18  1:36  Barracks  
  18  1:37  SCV  
  19  1:40  Refinery  
  19  1:51  Orbital Command  
  19  2:01  Bunker  
  19  2:10  Barracks Reactor  
  19  2:17  Terran Infantry Weapons Level 1  
  19  2:21  SCV  
  20  2:33  SCV  
  21  2:42  Barracks Tech Lab  
  21  2:58  SCV  
  21  2:59  Command Center  
  22  3:08  Sensor Tower  
  22  3:10  Marine, SCV  
  24  3:14  Marauder  
  24  3:17  Marine  
  27  3:41  Missile Turret  
  27  4:00  SCV  
  28  4:03  Missile Turret  
  28  4:18  Marauder  
  28  4:19  Marine x2  
  32  4:29  Refinery  
  32  4:30  Refinery  
  32  4:31  Orbital Command  
  32  4:37  Marine x2, Terran Infantry Armor Level 1  
  34  4:39  Marauder  
  36  4:48  Engineering Bay  
  36  4:51  Factory  
  36  4:54  Marine  
  37  5:04  Ghost Academy  
  37  5:31  Barracks  
  37  5:38  Starport  
  37  5:42  Armory  
  37  5:46  Factory Tech Lab  
  37  5:54  Missile Turret  
  37  5:59  SCV  
  38  6:06  SCV  
  39  6:12  SCV  
  40  6:20  Missile Turret  
  40  6:30  Starport Reactor  
  40  6:36  Siege Tank  
  43  6:41  Barracks Tech Lab  
  43  6:47  Barracks  
  43  6:51  Personal Cloaking  
  43  6:53  Terran Infantry Weapons Level 2  
  43  6:55  Terran Infantry Armor Level 2  
  43  7:00  Terran Vehicle Weapons Level 1  
  43  7:07  Armory  
  43  7:20  Combat Shields  
  43  7:25  Ghost  
  45  7:35  Marine  
  46  7:44  Supply Depot  
  46  7:45  Supply Depot  
  46  8:05  Marine x2, Siege Tank  
  51  8:08  Supply Depot  
  51  8:16  Barracks Tech Lab  
  51  8:23  Marine  
  54  8:53  Barracks  
  52  10:13  Barracks Tech Lab x2  
  50  10:20  Supply Depot  
  50  10:34  Ghost x2  
Tags
 
Matchup
TvT
Race
Terran
Spawn Locations
Cross Positions
Add a new tag
Caveats
  • Supply blocks, unpowered buildings, or Contaminate may cause inaccurate times.
  • Supply counts are checked every 10 seconds.